 Dungeon Crawl Stone Soup version 0.27.0-1-g7a089689b8 (webtiles) character file.

Game seed: 3164825409328614866

22 Thatpatchoflichen the Ogre Mage (level 2, -2/27 HPs)
             Began as an Ogre Hedge Wizard on Aug 7, 2021.
             Slain by a wyvern zombie (3 damage)
             ... on level 3 of the Dungeon.
             The game lasted 00:03:49 (1356 turns).

Thatpatchoflichen the Ogre Mage (Ogre Hedge Wizard) Turns: 1356, Time: 00:03:50

Health: -2/27      AC:  3    Str: 13    XL:     2   Next: 91%
Magic:  1/7        EV:  9    Int: 15    God:
Gold:   52         SH:  0    Dex:  8    Spells: 2/9 levels left

rFire    . . .     SeeInvis .   g - +0 whip
rCold    . . .     Faith    .   (no shield)
rNeg     . . .     Spirit   .   b - +0 robe
rPois    .         Reflect  .   c - +0 hat
rElec    .         Harm     .   (no cloak)
rCorr    .         Rampage  .   (gloves unavailable)
Will     .....                  (boots unavailable)
Stlth    +.........             (no amulet)
HPRegen  0.09/turn              (no ring)
MPRegen  0.10/turn              (no ring)

@: no status effects
A: large, unfitting armour, tough skin 1
a: no special abilities


You were on level 3 of the Dungeon.
You visited 1 branch of the dungeon, and saw 3 of its levels.

You collected 52 gold pieces.

Inventory:

Hand Weapons
 a - a +0 dagger
 f - a +0 trident
 g - a +0 whip (weapon)
Armour
 b - a +0 robe (worn)
 c - a +0 hat (worn)
 l - a +0 kite shield
Jewellery
 i - a ring of wizardry
Scrolls
 h - a scroll of torment {unknown}
 j - a scroll of noise {unknown}
Potions
 d - a potion of haste {unknown}
 e - a potion of resistance {unknown}
 k - a potion of curing {unknown}
 m - a potion of degeneration {unknown}


   Skills:
 + Level 1.6 Fighting
 + Level 2.2 Dodging
 - Level 1.4 Stealth
 + Level 4.0 Spellcasting
 - Level 0.8 Conjurations
 - Level 0.8 Summonings
 - Level 0.8 Translocations


You had 2 spell levels left.
You knew the following spells:

 Your Spells              Type           Power      Damage    Failure   Level
a - Magic Dart            Conj           20%        1d4       13%         1
b - Call Imp              Summ           5%         N/A       19%         2
c - Slow                  Hex            3%         N/A       26%         2
d - Blink                 Tloc           N/A        N/A       19%         2

Your spell library contained the following spells:

 Spells                   Type           Power      Damage    Failure   Level
 Conjure Flame            Conj/Fire      4%         6-21      41%         3
 Mephitic Cloud           Conj/Pois/Air  3%         N/A       43%         3


Dungeon Overview and Level Annotations

Branches:
Dungeon (3/15)

Altars:


Innate Abilities, Weirdness & Mutations

You are too large for most types of armour.
You have tough skin. (AC +1)


Message History

The wyvern zombie bites your crimson imp but does no damage.
Your crimson imp blinks!
Your crimson imp hits the wyvern zombie.
There is an open door here.
The wyvern zombie bites your crimson imp!
Your crimson imp dies!
The wyvern zombie completely misses your crimson imp.
The wyvern zombie misses your crimson imp.
Your crimson imp hits the wyvern zombie but does no damage.
The wyvern zombie bites your crimson imp!
Your crimson imp blinks! x2
There is an open door here.
The wyvern zombie completely misses your crimson imp.
Your crimson imp blinks!
The wyvern zombie bites your crimson imp!
Your crimson imp dies!
Casting: Call Imp (safe; 19% risk of failure)
Confirm with . or Enter, or press ? or * to list all spells.
A beastly little devil appears in a puff of flame.
The iguana hisses angrily.
The wyvern zombie barely misses your crimson imp.
Your crimson imp hits the wyvern zombie.
There is a stone staircase leading up here.
The wyvern zombie completely misses your crimson imp. x2
Your crimson imp hits the wyvern zombie.
The wyvern zombie bites your crimson imp.
Your crimson imp blinks!
You hit the iguana.
The iguana is moderately wounded.
The iguana closely misses you.
Your crimson imp hits the wyvern zombie but does no damage.
You hit the iguana but do no damage.
The iguana is moderately wounded.
The iguana bites you!
Ouch! That really hurt!
The wyvern zombie bites you!
* * * LOW HITPOINT WARNING * * *
Your crimson imp blinks!
The wyvern zombie bites you.
You die...

#'# #.# #.#
#####+# #.#
....... #†#
.......
####'##.......
#............
#....Z...###
#...<.@..#
#....l...#
#........#
#..5.....#
#........#
#........#
#........#
##########


You could see an iguana, a wyvern zombie (ally target) and a friendly crimson
imp (summoned).

Vanquished Creatures
  A dart slug (D:1)
  An endoplasm (D:2)
  4 giant cockroaches
  A goblin (D:1)
  A hobgoblin (D:1)
  3 kobolds (D:1)
  2 ball pythons (D:1)
  4 bats (D:1)
  2 rats
19 creatures vanquished.

Notes
Turn   | Place    | Note
-------+----------+-------------------------------------------
     0 | D:1      | Thatpatchoflichen the Ogre Hedge Wizard began the quest for
                  | the Orb.
     0 | D:1      | Reached XP level 1. HP: 16/16 MP: 5/5
   211 | D:1      | Reached skill level 1 in Fighting
   211 | D:1      | Reached XP level 2. HP: 21/27 MP: 6/6
  1022 | D:1      | Reached skill level 4 in Spellcasting
  1326 | D:3      | Learned a level 2 spell: Call Imp
  1329 | D:3      | Learned a level 2 spell: Slow
  1332 | D:3      | Learned a level 2 spell: Blink
  1355 | D:3      | HP: 1/27 [wyvern zombie (12)]
  1356 | D:3      | Slain by a wyvern zombie

Illustrated notes

Levels and vault maps discovered:
D:1:      dpeg_arrival_castle, layout_basic
D:2:      layout_rooms, dreamdust_ecumenical_altar_drowned_temple
D:3:      layout_basic

Skill      XL: |  1  2 |
---------------+-------+-----
Fighting       | 1 |  1.6
Dodging        | 2 |  2.2
Spellcasting   | 4 |  4.0
Stealth        | |  1.4
Conjurations   | |  0.8
Summonings     | |  0.8
Translocations | |  0.8

Action                   || total
-------------------------++-------
Melee: Dagger            ||    28
       Whip              ||    27
 Cast: Magic Dart        ||    26
       Call Imp          ||     4
Armor: Robe              ||    30
Dodge: Dodged            ||    34
